 Dungeon Crawl Stone Soup version 0.25-a0-1079-g858b6a6ff6 (webtiles) character file.

Game seed: 17689193080447916136, levelgen mode: deterministic

362 wullow the Stinger (level 6, -1/42 HPs)
             Began as a Demonspawn Venom Mage on May 15, 2020.
             Was an Initiate of Sif Muna.
             Slain by a river rat (8 damage)
             ... on level 5 of the Dungeon.
             The game lasted 00:16:48 (4954 turns).

wullow the Stinger (Demonspawn Venom Mage)          Turns: 4954, Time: 00:16:50

Health: -1/42      AC:  3    Str:  8    XL:     6   Next: 39%
Magic:  19/19      EV:  9    Int: 18    God:    Sif Muna [......]
Gold:   77         SH:  0    Dex: 14    Spells: 0/10 levels left

rFire    . . .     SeeInvis .     - Unarmed
rCold    . . .     Gourm    .   (no shield)
rNeg     . . .     Faith    .   a - +0 robe
rPois    .         Spirit   .   (helmet restricted)
rElec    .         Reflect  .   g - +0 cloak
rCorr    .         Harm     .   (gloves unavailable)
MR       .....                  (no boots)
Stlth    ++........             j - amulet of magic regeneration
HPRegen  0.14/turn              r - ring of magical power
MPRegen  0.41/turn              (no ring)

@: constricted, lightly drained
A: antennae 1, claws 3, hooves 1
a: Renounce Religion


You were on level 5 of the Dungeon.
You worshipped Sif Muna.
Sif Muna was noncommittal.
You were very hungry.

You visited 1 branch of the dungeon, and saw 5 of its levels.

You collected 161 gold pieces.
You spent 84 gold pieces at shops.

Inventory:

Hand Weapons
 t - a +1 dagger of speed
Missiles
 b - 14 sling bullets
 d - 63 bolts
 f - 158 stones (quivered)
 k - 34 arrows
 s - 6 poisoned darts
Armour
 a - a +0 robe (worn)
 g - a +0 cloak (worn)
 m - a scarf of invisibility
Jewellery
 j - an amulet of magic regeneration (around neck)
 r - a ring of magical power (left claw)
Wands
 u - a wand of clouds (2)
Scrolls
 e - a scroll of fear
 n - a scroll of remove curse
Potions
 h - a potion of brilliance
 i - a potion of curing
 l - a potion of berserk rage {unknown}
 w - 2 potions of flight {unknown}
 A - a potion of invisibility {unknown}
Comestibles
 c - 8 rations


   Skills:
 + Level 0.9(0.8) Fighting
 - Level 0.3(0.2) Short Blades
 - Level 1.7(1.6) Dodging
 - Level 1.7(1.6) Stealth
 + Level 1.1(1.0) Unarmed Combat
 + Level 2.9(2.8) Spellcasting
 * Level 0.8(0.7) Conjurations
 * Level 3.3(3.1) Transmutations
 * Level 2.6(2.5) Air Magic
 + Level 3.9(3.7) Poison Magic


You couldn't memorise any spells.
You knew the following spells:

 Your Spells              Type           Power        Failure   Level  Hunger
a - Sting                 Tmut/Pois      ###.         4%          1    None
b - Poisonous Vapours     Pois/Air       ##....       7%          2    ##.....
c - Olgreb's Toxic Radia  Pois           ###.....     34%         4    ####...
d - Mephitic Cloud        Conj/Pois/Air  ##......     19%         3    ###....

Your spell library contained the following spells:

 Spells                   Type           Power        Failure   Level  Hunger
 Ignite Poison            Fire/Tmut/Pois ##......     19%         3    ###....


Dungeon Overview and Level Annotations

Branches:
Dungeon (5/15)
 Temple: D:4-7

Altars:
Ashenzari
Dithmenos
Sif Muna
Yredelemnul

Shops:
D:4 [   D:5 *

Portals:
Sewer: D:5

Annotations:
D:4 Menkaure


Innate Abilities, Weirdness & Mutations

You have a pair of small antennae on your head.
You have claws for hands.
You have large cloven feet.


Message History

The ball python bites you but does no damage.
The ball python constricts you.
You scratch the river rat but do no damage.
Your kick misses the river rat.
The river rat is heavily wounded.
The river rat bites you. The ball python bites you.
The ball python constricts you. The river rat bites you.
You closely miss the river rat.
The river rat is heavily wounded.
The river rat bites you.
* * * LOW HITPOINT WARNING * * *
The ball python bites you but does no damage.
The ball python constricts you. The river rat closely misses you.
You barely miss the river rat. You kick the river rat.
The river rat is almost dead.
The river rat bites you.
* * * LOW HITPOINT WARNING * * *
The ball python barely misses you. The ball python constricts you.
The river rat bites you!
You die...

.................##.............
....>...........................
................#...............
#.#...$.........#.#.##..........
#...........$...................
###.##....†.....................
#...(.......≈≈≈...#......# #.
##.....≈≈≈....... . ...
###...............## ...
.................##
..##..................
...%..........)......
.................. ..........


You could see 2 river rats, a ball python and a rat.

Vanquished Creatures
  A howler monkey (D:4)
  3 hounds
  An orc priest (D:3)
  3 worker ants (D:4)
  Ijyb (D:3)
  A gnoll (D:3)
  An adder (D:4)
  2 oozes
  2 adder skeletons (D:4)
  A worm (D:5)
  2 dart slugs (D:3)
  2 leopard geckos (D:1)
  12 orcs
  4 giant cockroaches
  2 gnoll zombies (D:3)
  3 goblins
  3 hobgoblins
  7 kobolds
  A quokka (D:2)
  4 bats
  3 frilled lizards
  12 rats
71 creatures vanquished.

Notes
Turn   | Place    | Note
-------+----------+-------------------------------------------
     0 | D:1      | wullow the Demonspawn Venom Mage began the quest for the
                  | Orb.
     0 | D:1      | Reached XP level 1. HP: 13/13 MP: 3/3
    39 | D:1      | Reached skill level 1 in Transmutations
   474 | D:1      | Gained mutation: You have sharp fingernails. [demonic
                  | ancestry]
   474 | D:1      | Reached XP level 2. HP: 19/19 MP: 0/5
   478 | D:1      | Learned a level 2 spell: Poisonous Vapours
  1430 | D:2      | Gained mutation: You have very sharp fingernails. [demonic
                  | ancestry]
  1430 | D:2      | Reached XP level 3. HP: 24/24 MP: 3/6
  2130 | D:3      | Reached skill level 1 in Air Magic
  2130 | D:3      | Gained mutation: You have a pair of small antennae on your
                  | head. [demonic ancestry]
  2130 | D:3      | Reached XP level 4. HP: 19/30 MP: 5/7
  2889 | D:3      | Learned a level 4 spell: Olgreb's Toxic Radiance
  2893 | D:3      | Reached skill level 1 in Unarmed Combat
  2893 | D:3      | Gained mutation: You have large cloven feet. [demonic
                  | ancestry]
  2893 | D:3      | Reached XP level 5. HP: 35/35 MP: 8/8
  3137 | D:3      | Noticed Ijyb
  3145 | D:3      | Killed Ijyb
  3465 | D:3      | Found a shimmering blue altar of Sif Muna.
  3468 | D:3      | Became a worshipper of Sif Muna the Loreminder
  3545 | D:3      | Found a basalt altar of Yredelemnul.
  3730 | D:3      | Gained mutation: You have claws for hands. [demonic
                  | ancestry]
  3730 | D:3      | Reached XP level 6. HP: 12/42 MP: 10/10
  3738 | D:3      | Learned a level 3 spell: Mephitic Cloud
  3977 | D:4      | Noticed Menkaure
  4336 | D:4      | Found Tuirexei's Antique Armour Emporium.
  4416 | D:4      | Found a shadowy altar of Dithmenos.
  4572 | D:4      | Found a shattered altar of Ashenzari.
  4856 | D:5      | Entered Level 5 of the Dungeon
  4875 | D:5      | Found Meolubb's Assorted Antiques.
  4885 | D:5      | Bought a scroll of remove curse for 84 gold pieces
  4911 | D:5      | Found a glowing drain.
  4954 | D:5      | Slain by a river rat

Illustrated notes

Levels and vault maps discovered:
D:1:      giann_horns, layout_loops_ring, minmay_vboxes
D:2:      layout_loops_cross
D:3:      layout_basic, lemuel_zombie_altar_yredelemnul, lemuel_blue_sif_altar,
          first_ration, kennysheep_donut, interstate_on_off,
          cheibrodos_gnoll_hut, uniq_ijyb
D:4:      layout_basic, nicolae_ashenzari_panopticon,
          nicolae_dithmenos_the_darkroom, serial_shops, nicolae_shop_trees,
          uniq_menkaure
D:5:      layout_cave_pools, portal_sewer_entry_a, serial_shops,
          nicolae_shop_trees, nicolae_shop_stone, nicolae_shop_trees,
          nicolae_shop_trees, nicolae_shop_window_shopping,
          guppyfry_early_lair_pool

Skill      XL: |  1  2  3  4  5 |
---------------+----------------+-----
Transmutations | 1 2 3 |  3.3
Air Magic      | 1 2 |  2.6
Unarmed Combat | 1 |  1.1
Fighting       | |  0.9
Short Blades   | |  0.3
Dodging        | |  1.7
Stealth        | |  1.7
Spellcasting   | |  2.9
Conjurations   | |  0.8
Poison Magic   | |  3.9

Action                   |  1- 3 |  4- 6 || total
-------------------------+-------+-------++-------
Melee: Dagger            |    16 |    43 ||    59
       Unarmed           |    25 |    43 ||    68
       Kick              |       |    14 ||    14
 Cast: Sting             |    53 |    56 ||   109
       Poisonous Vapours |       |     9 ||     9
       Mephitic Cloud    |       |     1 ||     1
  Use: Scroll            |       |     9 ||     9
  Eat: Chunk             |     4 |     9 ||    13
Armor: Robe              |    11 |    22 ||    33
Dodge: Dodged            |    39 |    80 ||   119

Table legend:
 A = Non-vault XP
 B = Vault XP
 C = Vault XP percentage of total XP
 D = Non-vault monster count
 E = Vault monster count
 F = Vault count percentage of total count
                 A         B        C        D         E       F
            +---------+---------+-------+---------+---------+-------
      Total |     366 |     152 |  29.3 |      57 |      14 |  19.7
            +---------+---------+-------+---------+---------+-------
        D:1 |      21 |       9 |  30.0 |      10 |       6 |  37.5
        D:2 |      30 |       0 |   0.0 |      14 |       0 |   0.0
        D:3 |      87 |     137 |  61.2 |      21 |       6 |  22.2
        D:4 |     226 |       0 |   0.0 |      11 |       0 |   0.0
        D:5 |       2 |       6 |  75.0 |       1 |       2 |  66.7
            +---------+---------+-------+---------+---------+-------
